 Dungeon Crawl Stone Soup version 0.30-a0-702-gdf48620a09 (webtiles) character file.

Game seed: 12491358933046418883

456 bjtr the Ogre Mage (level 7, 0/67 HPs)
             Began as an Ogre Hedge Wizard on Jan 21, 2023.
             Was an Initiate of Okawaru.
             Slain by a black bear (9 damage)
             ... on level 4 of the Dungeon.
             The game lasted 00:24:31 (5448 turns).

bjtr the Ogre Mage (Ogre Hedge Wizard)              Turns: 5448, Time: 00:24:31

Health: 0/67       AC:  4    Str: 15    XL:     7   Next: 6%
Magic:  16/16      EV:  8    Int: 17    God:    Okawaru [......]
Gold:   173        SH:  6    Dex:  8    Spells: 7/18 levels left

rFire   . . .      SeeInvis .    d - +3 spear (flame)
rCold   . . .      Faith    .    D - +0 kite shield
rNeg    . . .      Spirit   .    b - +0 robe
rPois   .          Reflect  .    c - +0 hat
rElec   .          Harm     .    t - +0 cloak
rCorr   .          Rampage  .    (gloves unavailable)
Will    .....                    (boots unavailable)
Stlth   ++                       (no amulet)
HPRegen 0.31/turn                (no ring)
MPRegen 0.15/turn                (no ring)

@: no status effects
A: large, unfitting armour, tough skin 1
a: Renounce Religion


You were on level 4 of the Dungeon.
You worshipped Okawaru.
Okawaru was noncommittal.
You visited 2 branches of the dungeon, and saw 5 of its levels.

You collected 173 gold pieces.

Inventory:

Hand Weapons
 d - a +3 spear of flaming (weapon)
 B - a +0 sling
 C - a +0 war axe
 F - a +0 flail
Missiles
 m - 34 stones
 E - a throwing net
Armour
 b - a +0 robe (worn)
 c - a +0 hat (worn)
 s - a scarf of harm
 t - a +0 cloak (worn)
 D - a +0 kite shield (worn)
Scrolls
 l - 2 scrolls of teleportation
Potions
 h - 2 potions of flight
 k - a potion of curing
 n - 2 potions of degeneration {unknown}
 u - a potion of ambrosia {unknown}
 w - a potion of might {unknown}
 x - a potion of attraction {unknown}
 z - a potion of heal wounds {unknown}


   Skills:
 * Level 3.3 Fighting
 + Level 2.3 Dodging
 + Level 1.8 Stealth
 * Level 0.5 Shields
 * Level 6.2 Spellcasting
 * Level 3.1 Conjurations
 + Level 0.1 Hexes
 + Level 1.1 Summonings
 + Level 1.0 Translocations
 + Level 0.1 Air Magic
 + Level 0.3 Poison Magic


You had 7 spell levels left.
You knew the following spells:

 Your Spells              Type           Power      Damage    Failure   Level
a - Magic Dart            Conj           60%        1d6       9%          1
b - Slow                  Hex            20%        N/A       30%         1
c - Blink                 Tloc           16%        N/A       32%         2
d - Call Imp              Summ           9%         N/A       30%         2
e - Cigotuvi's Dreadful   Necr/Pois/Air  10%        N/A       43%         2
f - Mephitic Cloud        Conj/Pois/Air  9%         N/A       52%         3

Your spell library contained the following spells:

 Spells                   Type           Power      Damage    Failure   Level


Dungeon Overview and Level Annotations

Branches:
Dungeon (4/15)             Temple (1/1) D:4

Altars:
Ashenzari
Cheibriados
Dithmenos
Elyvilon
Fedhas
Gozag
Hepliaklqana
Makhleb
Nemelex Xobeh
Okawaru
Ru
Uskayaw
Vehumet
Wu Jian
Xom
Yredelemnul
Zin
The Shining One

Shops:
D:4 [


Innate Abilities, Weirdness & Mutations

You are too large for most types of armour.
You have tough skin. (AC +1)


Message History

You have reached level 7!
You hit the black bear. You burn the black bear.
The black bear is lightly wounded.
The black bear closely misses you. The black bear claws you.
The black bear claws you but does no damage.
The black bear attacks as you move away!
The black bear bites you. The black bear claws you.
You block the black bear's attack. The endoplasm freezes you.
You are frozen.
The black bear attacks as you move away!
The black bear bites you! You block the black bear's attack.
The black bear claws you but does no damage.
You hit the black bear. You burn the black bear.
The black bear is heavily wounded.
The black bear bites you. You block the black bear's attack.
The black bear barely misses you.
You barely miss the black bear.
The black bear is heavily wounded.
The black bear bites you. The black bear closely misses you.
The black bear claws you. You block the black bear's attack.
The black bear claws you but does no damage.
You block the black bear's attack.
You hit the black bear. You burn the black bear.
The black bear is severely wounded.
The black bear bites you! You block the black bear's attack.
The black bear claws you but does no damage.
You hit the black bear. You burn the black bear.
The black bear is almost dead.
The black bear goes berserk!
You barely miss the black bear.
The black bear is almost dead.
The black bear bites you!
* * * LOW HITPOINT WARNING * * *
The black bear claws you.
* * * LOW HITPOINT WARNING * * *
The black bear claws you.
* * * LOW HITPOINT WARNING * * *
The black bear bites you!
You die...

....#.........#.###
###...# #....#...##
###..#. #.........#
.....#.##..#..8..#..#
..####.#. #.....##.)#
..# #...##..#.#..##..#
.## #..##..##.##..##.#
.## #.....##...##....#
..# #...8....>.@hJ8..#
..####.....##...##....#
....##..##..##.##..##.#
.##......##..#.#..## .#
.#####....##.)...# #
..# ##....#..8..# _.##
##...........# ...#
#....####### ._.#
######


You could see a black bear (berserk) and an endoplasm.

Vanquished Creatures
  A necrophage (D:4)
  A gnoll sergeant (D:4)
  A jelly (D:4)
  An orc wizard (D:4)
  2 adders
  6 gnolls
  An ufetubus (D:4)
  2 worms (D:3)
  2 dart slugs
  4 orcs
  9 bats
  6 endoplasms
  3 giant cockroaches
  7 goblins
  4 hobgoblins
  8 jackals
  2 quokkas
  4 ball pythons
  4 frilled lizards
  6 kobolds
  7 rats
81 creatures vanquished.

Vanquished Creatures (collateral kills)
  A sky beast (D:4)
  A gnoll (D:4)
  An endoplasm (D:3)
  A goblin (D:4)
  A kobold (D:4)
5 creatures vanquished.

Grand Total: 86 creatures vanquished

Notes
Turn   | Place    | Note
-------+----------+-------------------------------------------
     0 | D:1      | bjtr the Ogre Hedge Wizard began the quest for the Orb.
     0 | D:1      | Reached XP level 1. HP: 16/16 MP: 5/5
   200 | D:1      | Reached skill level 1 in Conjurations
   351 | D:1      | Reached XP level 2. HP: 13/26 MP: 1/6
   366 | D:1      | Reached skill level 4 in Spellcasting
   781 | D:1      | You fall into a shaft and drop 1 floor!
   946 | D:2      | Reached XP level 3. HP: 32/32 MP: 4/8
  1529 | D:2      | Found a faded altar of an unknown god.
  1615 | D:2      | Reached skill level 1 in Fighting
  2141 | D:2      | Reached XP level 4. HP: 35/41 MP: 6/10
  2820 | D:3      | Learned a level 1 spell: Slow
  2823 | D:3      | Learned a level 2 spell: Blink
  2826 | D:3      | Learned a level 2 spell: Call Imp
  3569 | D:4      | Noticed a sky beast
  3583 | D:4      | HP: 2/42 [something (6)]
  3591 | D:4      | Killed a sky beast
  3592 | D:4      | Reached skill level 5 in Spellcasting
  3592 | D:4      | Reached skill level 1 in Summonings
  3592 | D:4      | Reached XP level 5. HP: 5/49 MP: 1/12
  3802 | D:4      | HP: 2/49 [something/magic dart (4)]
  4006 | D:4      | Found Juzu's Armour Boutique.
  4040 | D:4      | Reached XP level 6. HP: 19/59 MP: 14/14
  4179 | D:4      | Learned a level 2 spell: Cigotuvi's Dreadful Rot
  4183 | D:4      | Learned a level 3 spell: Mephitic Cloud
  4530 | D:3      | HP: 2/59 [poisoned by a scorpion]
  4587 | D:2      | HP: 2/59 [poisoned by a scorpion]
  4897 | D:4      | Reached skill level 6 in Spellcasting
  4897 | D:4      | Reached skill level 1 in Translocations
  5046 | D:4      | Found a basalt altar of Yredelemnul.
  5047 | D:4      | Found a radiant altar of Vehumet.
  5047 | D:4      | Found a hide-covered altar of Uskayaw.
  5049 | D:4      | Found a hazy altar of Hepliaklqana.
  5049 | D:4      | Found a shimmering altar of Xom.
  5051 | D:4      | Found a broken altar of Ashenzari.
  5051 | D:4      | Found a glowing golden altar of the Shining One.
  5052 | D:4      | Found an iron altar of Okawaru.
  5063 | D:4      | Became a worshipper of Warmaster Okawaru
  5094 | D:4      | Found a staircase to the Ecumenical Temple.
  5110 | Temple   | Entered the Ecumenical Temple
  5422 | D:4      | Noticed a black bear
  5435 | D:4      | Reached XP level 7. HP: 56/67 MP: 16/16
  5448 | D:4      | Slain by a black bear

Illustrated notes

Levels and vault maps discovered:
D:1:      lightli_arrival_quake, layout_basic, serial_forest,
          infiniplex_forest_end_1, infiniplex_forest_clump_tiny,
          infiniplex_forest_straight_3, infiniplex_forest_straight_4,
          infiniplex_forest_clump_cross, infiniplex_forest_lined_3,
          infiniplex_forest_clump_double, chequers_jeans
D:2:      minmay_chambers_of_twos, layout_basic, basic_ecumenical_altar
D:3:      layout_loops_cross
D:4:      minmay_goblin_kobold_castle, layout_rooms, grunt_temple_overflow_open,
          minmay_temple_entry_waves, serial_shops, shop
Temple:   nicolae_temple_bog_church

Skill      XL: |  1  2  3  4  5  6 |
---------------+-------------------+-----
Conjurations   | 1 2 3 |  3.1
Spellcasting   | 4 5 6 |  6.2
Fighting       | 1 2 3 |  3.3
Dodging        | 2 |  2.3
Summonings     | 1 |  1.1
Translocations | 1 |  1.0
Stealth        | |  1.8
Shields        | |  0.5
Hexes          | |  0.1
Air Magic      | |  0.1
Poison Magic   | |  0.3

Action                   |  1- 3 |  4- 6 |  7- 9 || total
-------------------------+-------+-------+-------++-------
Melee: Short sword       |    42 |       |       ||    42
       Punch             |     4 |     1 |       ||     5
       Hand axe          |    45 |    47 |       ||    92
       War axe           |       |    66 |       ||    66
       Spear             |       |    13 |     6 ||    19
 Cast: Magic Dart        |    83 |    61 |       ||   144
       Call Imp          |       |     9 |       ||     9
       Blink             |       |     4 |       ||     4
       Slow              |       |     6 |       ||     6
       Mephitic Cloud    |       |     8 |       ||     8
  Use: Scroll            |       |     8 |       ||     8
       Potion            |       |     3 |       ||     3
 Stab: Sleeping          |       |     1 |       ||     1
       Confused          |       |     1 |       ||     1
Armor: Robe              |    32 |    52 |     4 ||    88
Dodge: Dodged            |    61 |    93 |     3 ||   157
Block: Kite shield       |       |     2 |     6 ||     8

Table legend: (Time is in decaauts)
 A = Elapsed time spent in this place.
 B = Non-inter-level travel time spent in this place.
 C = Inter-level travel time spent in this place.
 D = Time resting spent in this place.
 E = Time spent auto-exploring this place.
 F = Levels seen in this place.
 G = Mean time per level.
                   A        B        C        D        E       F      G
               +--------+--------+--------+--------+--------+-----+--------+
         Total |   5514 |   5360 |    154 |   1472 |   2769 |   5 | 1102.8 |
       Dungeon |   5218 |   5080 |    138 |   1381 |   2600 |   4 | 1304.5 |
        Temple |    296 |    280 |     16 |     91 |    169 |   1 |  296.0 |
               +--------+--------+--------+--------+--------+-----+--------+

Top non-repeatable levels by time:
     D:2: 1622 daAuts
     D:3: 1394 daAuts
     D:1: 1274 daAuts
     D:4: 927 daAuts
  Temple: 296 daAuts
